 Dungeon Crawl Stone Soup version 0.30-a0-939-gc8157cb160 (webtiles) character file.

Game seed: 12310011748174704795

2349 386 the Trooper (level 9, 57/57 HPs)
             Began as a Gargoyle Fighter on Mar 5, 2022.
             Was a Priest of Okawaru.
             Quit the game on level 7 of the Dungeon on Mar 25, 2023.
             The game lasted 00:37:56 (6723 turns).

386 the Trooper (Gargoyle Fighter)                  Turns: 6723, Time: 00:37:56

Health: 57/57      AC: 19    Str: 20    XL:     9   Next: 43%
Magic:  10/10      EV:  7    Int:  9    God:    Okawaru [***...]
Gold:   512        SH: 10    Dex: 16    Spells: 8/8 levels left

rFire   + . .      SeeInvis .    s - +9 mace of Dahaimp {pain, Dex+3}
rCold   . . .      Faith    .    c - +0 buckler
rNeg    + . .      Spirit   .    a - +0 chain mail
rPois   ∞          Reflect  +    k - +0 helmet
rElec   +          Rampage  .    (no cloak)
rCorr   .                        H - +0 pair of gloves
Will    .....                    (no boots) Stlth
                                 u - amulet of reflection
HPRegen 0.29/turn                N - ring of protection from fire
MPRegen 0.12/turn                (no ring)

@: no status effects
A: sickness immunity, AC +6, negative energy resistance 1, electricity
resistance, torment resistance 1, petrification resistance
a: Renounce Religion, Heroism


You were on level 7 of the Dungeon.
You worshipped Okawaru.
Okawaru was most pleased with you.
You visited 2 branches of the dungeon, and saw 8 of its levels.

You collected 512 gold pieces.

Inventory:

Hand Weapons
 g - a +0 dagger of venom
 s - the +9 mace of Dahaimp (weapon) {pain, Dex+3}
   (You found it on level 2 of the Dungeon)

   Dex:       It affects your dexterity (+3).
Missiles
 i - 2 javelins
 t - 11 poisoned darts (quivered)
 I - a silver boomerang
 M - a throwing net
Armour
 a - a +0 chain mail (worn)
 b - +0 steam dragon scales
 c - a +0 buckler (worn)
 k - a +0 helmet (worn)
 H - a +0 pair of gloves (worn)
Jewellery
 u - an amulet of reflection (around neck)
 N - a ring of protection from fire (left hand)
Wands
 w - a wand of acid (12)
 E - a wand of flame (29)
 L - a wand of iceblast (8)
Scrolls
 e - 2 scrolls of immolation
 h - a scroll of identify
 l - 3 scrolls of fog {unknown}
 m - a scroll of silence {unknown}
 n - a scroll of summoning {unknown}
 p - 5 scrolls of teleportation {unknown}
 q - 4 scrolls of vulnerability {unknown}
 v - 2 scrolls of blinking {unknown}
 y - 2 scrolls of enchant armour {unknown}
 D - a scroll of magic mapping {unknown}
 F - a scroll of torment {unknown}
 G - a scroll of fear {unknown}
Potions
 d - a potion of might
 f - 2 potions of cancellation
 j - 2 potions of haste
 o - 2 potions of attraction {unknown}
 r - 2 potions of mutation {unknown}
 x - a potion of heal wounds
 z - 2 potions of curing
 A - a potion of invisibility {unknown}
 B - a potion of ambrosia {unknown}
 C - 2 potions of brilliance
Miscellaneous
 J - a box of beasts


   Skills:
 + Level 7.3 Fighting
 - Level 1.7 Long Blades
 + Level 5.6 Maces & Flails
 - Level 2.0 Throwing
 + Level 7.2 Armour
 - Level 2.0 Stealth
 - Level 4.0 Shields
 + Level 4.0 Necromancy
 - Level 2.0 Invocations
 + Level 1.4 Evocations


You had 8 spell levels left.
You didn't know any spells.
Your spell library contained the following spells:

 Spells                   Type           Power      Damage    Failure   Level
 Magic Dart               Conj           0%         1d3       99%         1
 Mephitic Cloud           Conj/Pois/Air  0%         N/A       100%        3
 Portal Projectile        Hex/Tloc       0%         N/A       100%        3
 Leda's Liquefaction      Hex/Erth       0%         N/A       100%        4
 Passage of Golubria      Tloc           0%         N/A       100%        4
 Silence                  Hex/Air        0%         N/A       100%        5
 Lehudib's Crystal Spear  Conj/Erth      0%         10d2      100%        8
 Call Imp                 Summ           Unusable   N/A       N/A         2
 Call Canine Familiar     Summ           Unusable   N/A       N/A         3

Dungeon Overview and Level Annotations

Branches:
Dungeon (7/15)             Temple (1/1) D:4

Altars:
Ashenzari
Cheibriados
Dithmenos
Elyvilon
Fedhas
Gozag
Hepliaklqana
Kikubaaqudgha
Makhleb
Okawaru
Qazlal
Ru
Sif Muna
Trog
Wu Jian
Xom
Yredelemnul
Zin
The Shining One

Shops:
D:2 (   D:7 =

Annotations:
D:4 Dowan, Duvessa
D:6 3 runed translucent doors, Aksej's ghost, novice SpHu


Innate Abilities, Weirdness & Mutations

You are immune to sickness and miasma.
Your stone body is resilient. (AC +6)
You are immune to poison.
You resist negative energy. (rN+)
You are resistant to electric shocks. (rElec)
You are resistant to unholy torment.
You are immune to petrification.


Message History

f - 2 potions of cancellation
As you read the scroll of identify, it crumbles to dust.
j - 2 potions of haste
As you read the scroll of identify, it crumbles to dust.
x - a potion of heal wounds Setting a skill training target for Maces & Flails at 14.0.
Adjust (i)tems, (s)pells, or (a)bilities?
Okay, then.
Unknown command.
Unknown command.
Unknown command.
Okay, then.
Save game and exit?
Welcome back, 386 the Gargoyle Fighter.
Okawaru says: Bring me glory in combat!
Press ? for a list of commands and other information.
No item to drop.
Unknown command.
Unknown command.
Unknown command.
Unknown command.
Unknown command.
Saving game... please wait.
Welcome back, 386 the Gargoyle Fighter.
Okawaru says: Bring me glory in combat!
Press ? for a list of commands and other information.
Unknown command.
Unknown command.
No item to drop.
Save game and exit?
Okay, then.
Clearing monster memory.
Are you sure you want to abandon this character and quit the game? (Confirm with "yes".)
Okay, then.
Unknown command.
Saving game... please wait.
Welcome back, 386 the Gargoyle Fighter.
Okawaru says: Bring me glory in combat!
Press ? for a list of commands and other information.
Are you sure you want to abandon this character and quit the game? (Confirm with "yes".)

..)............#.#'#........#
...............#.#∩#........#
...............#.#'#........#
...............#...#........#
..............##...#........#
.......##.....##...##########
######'##.....##....#
....................#
................@.<.#
....................#
....................#
....................#
#####################


There were no monsters in sight!

Vanquished Creatures
  Sigmund (D:5)
  A steam dragon (D:7)
  A black bear (D:4)
  3 ogres
  A phantom (D:5)
  A centaur (D:7)
  A bullfrog (D:6)
  2 necrophages
  6 scorpions
  2 water moccasin zombies (D:6)
  2 centaur zombies (D:6)
  5 jellies
  An orc priest (D:3)
  2 bullfrog zombies (D:6)
  A gnoll bouda (D:6)
  3 hounds
  6 iguanas
  Natasha (twice) (D:3)
  An orc wizard (D:5)
  5 gnolls
  8 adders
  A shadow imp (D:5)
  4 white imps
  An ufetubus (D:5)
  A worm (D:4)
  3 dart slugs
  14 orcs
  4 ball pythons
  3 endoplasms
  15 giant cockroaches
  5 goblins
  7 hobgoblins
  4 jackals (D:1)
  7 kobolds
  5 quokkas
  6 bats
  2 frilled lizards (D:1)
  4 rats
141 creatures vanquished.

Notes
Turn   | Place    | Note
-------+----------+-------------------------------------------
     0 | D:1      | 386 the Gargoyle Fighter began the quest for the Orb.
     0 | D:1      | Reached XP level 1. HP: 14/14 MP: 1/1
    77 | D:1      | Found a faded altar of an unknown god.
   111 | D:1      | Reached XP level 2. HP: 19/19 MP: 2/2
   135 | D:1      | Reached skill level 1 in Stealth
   387 | D:1      | Reached XP level 3. HP: 22/23 MP: 3/3
   934 | D:2      | Found Siowol's Antique Weapon Shoppe.
  1102 | D:2      | Identified the +9 mace of Dahaimp {pain, Dex+3}
  1118 | D:2      | Reached XP level 4. HP: 26/29 MP: 4/4
  1830 | D:3      | Noticed Natasha
  1836 | D:3      | Killed Natasha
  1882 | D:3      | Noticed Natasha
  1892 | D:3      | Killed Natasha
  1897 | D:3      | Reached skill level 1 in Throwing
  1897 | D:3      | Reached XP level 5. HP: 26/33 MP: 5/5
  1900 | D:3      | Reached skill level 1 in Maces & Flails
  2299 | D:4      | Noticed Duvessa
  2299 | D:4      | Noticed Dowan
  2515 | D:4      | Reached skill level 1 in Necromancy
  2532 | D:4      | Reached XP level 6. HP: 35/39 MP: 6/6
  2535 | D:4      | Found a staircase to the Ecumenical Temple.
  2551 | Temple   | Entered the Ecumenical Temple
  2685 | Temple   | Became a worshipper of Warmaster Okawaru
  3202 | D:5      | Entered Level 5 of the Dungeon
  3338 | D:5      | Reached skill level 5 in Fighting
  3338 | D:5      | Reached XP level 7. HP: 42/44 MP: 7/7
  3436 | D:5      | Reached skill level 5 in Armour
  3436 | D:5      | Noticed Sigmund
  3475 | D:4      | Reached * piety under Okawaru
  3545 | D:5      | Killed Sigmund
  4006 | D:5      | Reached XP level 8. HP: 51/51 MP: 8/8
  4049 | D:5      | Found an opulent altar of Gozag.
  4781 | D:6      | Reached ** piety under Okawaru
  4782 | D:6      | Reached skill level 1 in Invocations
  4862 | D:6      | Found a basalt altar of Yredelemnul.
  5425 | D:6      | Reached XP level 9. HP: 56/56 MP: 10/10
  5488 | D:6      | Reached skill level 5 in Maces & Flails
  5643 | D:6      | Found a runed translucent gate.
  5645 | D:6      | Found a runed translucent gate.
  5646 | D:6      | Found an opulent altar of Gozag.
  5658 | D:6      | Found a runed translucent gate.
  5659 | D:6      | Noticed a troll
  5659 | D:6      | Noticed Aksej's ghost (novice SpHu)
  6068 | D:7      | Found Lofeax's Jewellery Boutique.
  6106 | D:7      | Reached skill level 1 in Evocations
  6435 | D:7      | Reached *** piety under Okawaru
  6723 | D:7      | Upgraded the game from 0.29-a0-251-g80730f7218 to
                  | 0.30-a0-919-g9323dee000
  6723 | D:7      | Upgraded the game from 0.30-a0-919-g9323dee000 to
                  | 0.30-a0-939-gc8157cb160
  6723 | D:7      | Quit the game

Illustrated notes

Levels and vault maps discovered:
D:1:      minmay_arrival_arboretum_small, layout_basic,
          hellmonk_ecumenical_altar_blasted, st_stairs_5
D:2:      minmay_roachtagon, layout_loops_ring, serial_shops,
          nicolae_shop_waterfront
D:3:      layout_rooms, nicolae_figureground_sparkle, uniq_natasha
D:4:      layout_basic, minmay_temple_entry_sparse_star, serial_curves,
          eino_curves_03, eino_curves_01, uniq_duvessa
D:5:      layout_basic, grunt_gozag_breadcrumbs, grunt_decor_arrowhead,
          minmay_checkerbox, uniq_sigmund
D:6:      layout_gridville, nicolae_yredelemnul_corpse_copse,
          ebering_ghost_gozag
D:7:      layout_gridville, serial_shops, kennysheep_mini
Temple:   minmay_crystal_spiral_temple

Skill      XL: |  1  2  3  4  5  6  7  8  9 |
---------------+----------------------------+-----
Stealth        | 1 2 |  2.0
Fighting       | 4 5 6 7 |  7.3
Shields        | 4 |  4.0
Armour         | 4 5 6 7 |  7.2
Throwing       | 1 2 |  2.0
Maces & Flails | 1 2 3 4 5 |  5.6
Necromancy     | 1 2 3 4 |  4.0
Invocations    | 2 |  2.0
Evocations     | 1 |  1.4
Long Blades    | |  1.7

Action                     |  1- 3 |  4- 6 |  7- 9 || total
---------------------------+-------+-------+-------++-------
  Melee: Long sword        |    16 |       |       ||    16
         Dagger            |   121 |       |       ||   121
         Mace              |     3 |    93 |   180 ||   276
  Throw: Dart              |       |    11 |    32 ||    43
         Javelin           |       |     2 |       ||     2
         Boomerang         |       |       |    14 ||    14
 Invoke: Heroism           |       |       |     1 ||     1
    Use: Scroll            |       |       |     3 ||     3
 Armour: Scale mail        |    67 |    28 |    74 ||   169
         Chain mail        |       |       |    27 ||    27
  Dodge: Dodged            |    68 |    27 |    69 ||   164
  Block: Buckler           |    26 |    49 |    98 ||   173
         Reflection        |       |     4 |     2 ||     6

Table legend: (Time is in decaauts)
 A = Elapsed time spent in this place.
 B = Non-inter-level travel time spent in this place.
 C = Inter-level travel time spent in this place.
 D = Time resting spent in this place.
 E = Time spent auto-exploring this place.
 F = Levels seen in this place.
 G = Mean time per level.
                   A        B        C        D        E       F      G
               +--------+--------+--------+--------+--------+-----+--------+
         Total |   6804 |   6552 |    252 |    699 |   4495 |   8 |  850.5 |
       Dungeon |   6584 |   6417 |    167 |    699 |   4378 |   7 |  940.6 |
        Temple |    219 |    134 |     85 |      0 |    117 |   1 |  219.0 |
               +--------+--------+--------+--------+--------+-----+--------+

Top non-repeatable levels by time:
     D:6: 1457 daAuts
     D:5: 1412 daAuts
     D:2: 840 daAuts
     D:1: 830 daAuts
     D:4: 812 daAuts
     D:7: 643 daAuts
     D:3: 588 daAuts
  Temple: 219 daAuts
